 Dungeon Crawl Stone Soup version 0.30-a0-618-gd6c86c23d0 (webtiles) character file.

Game seed: 7082212180379690943

6404 Newt the Basher (level 10, -3/88 HPs)
             Began as a Demonspawn Gladiator on Jan 9, 2023.
             Was an Initiate of Gozag.
             Slain by a two-headed ogre
             ... wielding a +0 giant spiked club
              (15 damage)
             ... on level 10 of the Dungeon.
             The game lasted 00:10:31 (8222 turns).

Newt the Basher (Demonspawn Gladiator)              Turns: 8222, Time: 00:10:31

Health: -3/88      AC: 10    Str: 27    XL:     10   Next: 66%
Magic:  0/10       EV: 11    Int: 10    God:    Gozag
Gold:   577        SH: 14    Dex: 20    Spells: 9/9 levels left

rFire   . . .      SeeInvis .    i - +2 whip (elec)
rCold   . . .      Faith    .    h - +3 kite shield of Uxuevvoh {rF- Will++ Regen+ Str+2}
rNeg    . . .      Spirit   +    M - +2 leather armour of Renemyzuol {rF+ Str+6}
rPois   .          Reflect  .    (helmet restricted)
rElec   .          Harm     .    q - +0 cloak
rCorr   .          Rampage  .    (no gloves)
Will    +++..                    I - +1 pair of boots {Stlth+}
Stlth   +++                      r - amulet of guardian spirit
HPRegen 1.14/turn                y - +6 ring of dexterity
MPRegen 0.24/turn                C - ring of willpower

@: no status effects
A: antennae 2, robust 1, spiny 1, magic regeneration, sharp scales 1
a: Renounce Religion, Potion Petition, Call Merchant, Bribe Branch


You were on level 10 of the Dungeon.
You worshipped Gozag.
Gozag was pleased with you.
You visited 1 branch of the dungeon, and saw 10 of its levels.

You collected 1385 gold pieces.
You spent 742 gold pieces at shops.
You paid 66 gold pieces to Gozag.

Inventory:

Hand Weapons
 a - a +0 rapier of draining
 i - a +2 whip of electrocution (weapon)
Missiles
 d - 8 throwing nets (quivered)
 p - 18 poisoned darts
 L - a javelin
Armour
 b - a +0 leather armour
 c - a +0 helmet
 h - the +3 kite shield of Uxuevvoh (worn) {rF- Will++ Regen+ Str+2}
   (You acquired it on level 2 of the Dungeon)

   Str:       It affects your strength (+2).
   rF:        It makes you vulnerable to fire.
   Regen:     It increases your rate of health regeneration.
   Will:      It greatly increases your willpower.
 k - a +1 pair of boots
 q - a +0 cloak (worn)
 I - a +1 pair of boots of stealth (worn)
 M - the +2 leather armour of Renemyzuol (worn) {rF+ Str+6}
   (You bought it in a shop on level 7 of the Dungeon)

   Str:       It affects your strength (+6).
   rF:        It protects you from fire.
 P - a +3 leather armour of fire resistance
Jewellery
 f - an amulet of faith
 r - an amulet of guardian spirit (around neck)
 y - a +6 ring of dexterity (left hand)
 C - a ring of willpower (right hand)
 N - a ring of protection from cold
Wands
 t - a wand of quicksilver (8)
 D - a wand of mindburst (14)
 R - a wand of flame (20)
Scrolls
 e - a scroll of fog
 g - 5 scrolls of immolation {unknown}
 l - 2 scrolls of amnesia
 n - a scroll of brand weapon
 u - 2 scrolls of enchant weapon {unknown}
 v - 2 scrolls of enchant armour
 w - 2 scrolls of teleportation {unknown}
 x - 2 scrolls of magic mapping {unknown}
 F - 3 scrolls of blinking {unknown}
 G - 2 scrolls of poison {unknown}
 O - 3 scrolls of fear
 S - a scroll of identify
Potions
 j - 2 potions of cancellation
 m - a potion of magic
 o - a potion of lignification
 s - 2 potions of berserk rage
 z - 3 potions of flight
 A - 2 potions of invisibility
 B - 2 potions of ambrosia
 E - a potion of heal wounds
 H - a potion of resistance
 J - a potion of mutation
 K - 4 potions of curing
 Q - a potion of might {unknown}


   Skills:
 + Level 7.8 Fighting
 - Level 2.6 Short Blades
 - Level 9.0 Maces & Flails
 - Level 1.7 Throwing
 - Level 6.0 Armour
 - Level 2.6 Dodging
 - Level 2.0 Stealth
 - Level 6.0 Shields
 - Level 4.0 Evocations


You had 9 spell levels left.
You didn't know any spells.
Your spell library contained the following spells:

 Spells                   Type           Power      Damage    Failure   Level
 Static Discharge         Conj/Air       0%         2-2/arc   86%         2
 Gell's Gravitas          Tloc           0%         N/A       98%         3
 Lesser Beckoning         Tloc           0%         N/A       98%         3
 Teleport Other           Tloc           0%         N/A       98%         3
 Vhi's Electric Charge    Tloc/Air       0%         N/A       98%         3
 Alistair's Intoxication  Tmut/Pois      0%         N/A       100%        5
 Arcjolt                  Conj/Air       0%         1d10      100%        5
 Borgnjor's Vile Clutch   Necr/Erth      0%         N/A       100%        5
 Lightning Bolt           Conj/Air       0%         1d11      100%        5
 Eringya's Noxious Bog    Tmut/Pois      0%         N/A       100%        6


Dungeon Overview and Level Annotations

Branches:
Dungeon (10/15)            Temple (0/1) D:7            Lair (0/5) D:10
    Orc: D:9-12

Altars:
Cheibriados
Gozag
Qazlal
Xom

Shops:
D:7 *=!?   D:8 [


Innate Abilities, Weirdness & Mutations

You have a pair of antennae on your head.
You are robust. (+10% HP)
You are partially covered in sharp spines.
You regenerate magic rapidly.
You are partially covered in razor-sharp scales. (AC +1, Slay +1)


Message History

Deactivating autopickup; reactivate with Ctrl-A.
You block the orc warrior's attack.
You hit the orc warrior but do no damage.
You block the orc warrior's attack.
You hit the orc warrior but do no damage.
A two-headed ogre comes into view.
It is wielding a +0 giant spiked club and a +0 giant club.
You block the orc warrior's attack.
You barely miss the orc warrior. You hit the two-headed ogre.
Lightning courses through the two-headed ogre!
The two-headed ogre is moderately wounded.
You barely miss the two-headed ogre.
The two-headed ogre is moderately wounded.
You hit the two-headed ogre.
The two-headed ogre is moderately wounded.
An orc wizard comes into view. It is wielding a +0 dagger.
The two-headed ogre is struck by your spines.
The two-headed ogre hits you with a +0 giant spiked club!!
The two-headed ogre hits you with a +0 giant club!!
Unknown command.
You barely miss the two-headed ogre.
The two-headed ogre is moderately wounded.
The two-headed ogre hits you with a +0 giant spiked club!!
You block the two-headed ogre's attack.
You hit the two-headed ogre.
Lightning courses through the two-headed ogre!
The two-headed ogre is severely wounded.
You barely miss the two-headed ogre.
The two-headed ogre is severely wounded.
The two-headed ogre hits you with a +0 giant spiked club!!
* * * LOW HITPOINT WARNING * * *
The two-headed ogre closely misses you.
You feel much better.
You whack the two-headed ogre!
The two-headed ogre is severely wounded.
The two-headed ogre hits you with a +0 giant spiked club!!!
* * * LOW HITPOINT WARNING * * *
The two-headed ogre hits you with a +0 giant club!
You die...
Your body crumbles into a pile of gold.

#..[. #..##
################..##
....................
#.#####.#####.######
#### #.# #.# .....
#.####.#.#####
#...#####.....#
#.....
#.{O@....####.#
##### $#.o#####.# #.
{ {.... # ..### ####


You could see a two-headed ogre and an orc warrior.

Vanquished Creatures
  Joseph (D:8)
  Maurice (D:8)
  Psyche (D:8)
  A troll (D:8)
  5 yaks (D:9)
  A shadow (D:9)
  Eustachio (D:4)
  A wyvern (D:7)
  A steam dragon (D:8)
  Menkaure (D:7)
  A basilisk (D:10)
  2 vampire mosquitoes (D:10)
  3 wargs
  Duvessa (D:6)
  5 orc warriors
  A sky beast (D:6)
  A black bear (D:7)
  3 kobold brigands
  2 bullfrogs
  A gnoll sergeant (D:9)
  7 scorpions
  8 wights (D:8)
  Dowan (D:6)
  4 howler monkeys
  A crimson imp (D:8)
  2 jellies
  3 gnoll boudas
  3 hounds
  3 orc priests
  6 orc wizards
  20 gnolls
  7 adders
  2 shadow imps
  2 white imps
  2 ufetubi
  3 worms
  31 orcs
  7 ball pythons
  15 endoplasms
  A giant cockroach (D:2)
  11 goblins
  8 hobgoblins
  15 kobolds
  4 quokkas
  11 bats
  6 frilled lizards
  5 rats
222 creatures vanquished.

Vanquished Creatures (others)
  3 orc wizards (D:8)
  A plant (D:10)
4 creatures vanquished.

Grand Total: 226 creatures vanquished

Notes
Turn   | Place    | Note
-------+----------+-------------------------------------------
     0 | D:1      | Newt the Demonspawn Gladiator began the quest for the Orb.
     0 | D:1      | Reached XP level 1. HP: 16/16 MP: 1/1
    54 | D:1      | You fall into a shaft and drop 1 floor!
   137 | D:1      | Reached skill level 1 in Stealth
   186 | D:1      | Gained mutation: You are partially covered in sharp spines.
                  | [demonic ancestry]
   186 | D:1      | Reached XP level 2. HP: 22/22 MP: 2/2
   524 | D:1      | Gained mutation: You regenerate magic rapidly. [demonic
                  | ancestry]
   524 | D:1      | Reached XP level 3. HP: 28/28 MP: 3/3
   880 | D:2      | Identified a scroll of acquirement
   880 | D:2      | Acquired the +3 kite shield of Uxuevvoh {rF- Will++ Regen+
                  | Str+2}
  1344 | D:3      | Gained mutation: You have a pair of small antennae on your
                  | head. [demonic ancestry]
  1344 | D:3      | Reached XP level 4. HP: 37/37 MP: 4/4
  1413 | D:3      | Reached skill level 1 in Maces & Flails
  1737 | D:3      | Reached skill level 2 in Maces & Flails
  1737 | D:3      | Gained mutation: You have a pair of antennae on your head.
                  | [demonic ancestry]
  1737 | D:3      | Reached XP level 5. HP: 35/42 MP: 5/5
  2401 | D:4      | Reached skill level 3 in Maces & Flails
  2638 | D:4      | Reached XP level 6. HP: 28/48 MP: 6/6
  2646 | D:4      | Reached skill level 4 in Maces & Flails
  2654 | D:4      | Reached skill level 1 in Shields
  2943 | D:4      | Noticed Eustachio
  2970 | D:4      | Killed Eustachio
  3102 | D:4      | Gained mutation: You are partially covered in razor-sharp
                  | scales. (AC +1, Slay +1) [demonic ancestry]
  3102 | D:4      | Reached XP level 7. HP: 54/54 MP: 7/7
  3131 | D:4      | Reached skill level 1 in Armour
  3191 | D:4      | Found a snail-covered altar of Cheibriados.
  3194 | D:4      | Found an opulent altar of Gozag.
  3214 | D:4      | Became a worshipper of Gozag Ym Sagoz the Greedy
  3455 | D:5      | Entered Level 5 of the Dungeon
  3975 | D:6      | Reached skill level 1 in Evocations
  4025 | D:6      | Reached XP level 8. HP: 60/60 MP: 8/8
  4075 | D:6      | Found a stormy altar of Qazlal.
  4377 | D:6      | Noticed Duvessa
  4385 | D:6      | Noticed Dowan
  4388 | D:6      | Killed Duvessa
  4397 | D:6      | Killed Dowan
  4495 | D:6      | Reached skill level 5 in Fighting
  5160 | D:7      | Reached skill level 5 in Maces & Flails
  5175 | D:7      | Gained mutation: You are robust. (+10% HP) [demonic
                  | ancestry]
  5175 | D:7      | Reached XP level 9. HP: 48/75 MP: 7/9
  5292 | D:7      | Reached skill level 6 in Maces & Flails
  5491 | D:7      | Found Togafol's Jewellery Shop.
  5492 | D:7      | Found Teaqe's Magic Scroll Shop.
  5494 | D:7      | Found Kowkymoa's Distillery.
  5495 | D:7      | Found Coiriozi's Assorted Antiques.
  5551 | D:7      | Bought a scroll labelled SUSTRE IZOUDA for 26 gold pieces
  5551 | D:7      | Bought a glowing inky potion for 23 gold pieces
  5551 | D:7      | Bought a scroll of identify for 52 gold pieces
  5551 | D:7      | Bought a fizzy clear potion for 23 gold pieces
  5555 | D:7      | Bought a potion of curing for 36 gold pieces
  5559 | D:7      | Bought a scroll of identify for 20 gold pieces
  5559 | D:7      | Bought a scroll of identify for 20 gold pieces
  5559 | D:7      | Bought a scroll of identify for 20 gold pieces
  5605 | D:7      | Found a staircase to the Ecumenical Temple.
  5700 | D:7      | Noticed Menkaure
  5711 | D:7      | Killed Menkaure
  6008 | D:7      | Bought a twisted leather armour for 182 gold pieces
  6008 | D:7      | Identified the +2 leather armour of Renemyzuol {rF+ Str+6}
                  | (You bought it in a shop on level 7 of the Dungeon)
  6008 | D:7      | Bought a moonstone ring for 130 gold pieces
  6040 | D:8      | Noticed a troll
  6051 | D:8      | Killed a troll
  6052 | D:8      | Reached skill level 7 in Maces & Flails
  6087 | D:8      | Noticed Joseph
  6105 | D:8      | Killed Joseph
  6106 | D:8      | Reached skill level 8 in Maces & Flails
  6353 | D:8      | Noticed Psyche
  6377 | D:8      | Killed Psyche
  6378 | D:8      | Reached skill level 9 in Maces & Flails
  6467 | D:8      | Found Zilem's Antique Armour Shop.
  6475 | D:8      | Bought a pair of embroidered boots for 210 gold pieces
  6503 | D:8      | Noticed Maurice
  6520 | D:8      | Killed Maurice
  6521 | D:8      | Reached skill level 5 in Shields
  6521 | D:8      | Reached XP level 10. HP: 72/83 MP: 10/10
  6833 | D:8      | Found a shimmering altar of Xom.
  7062 | D:9      | Reached skill level 5 in Armour
  7732 | D:10     | Entered Level 10 of the Dungeon
  8053 | D:10     | Found a staircase to the Lair.
  8213 | D:10     | Noticed a two-headed ogre
  8222 | D:10     | Slain by a two-headed ogre

Illustrated notes

Levels and vault maps discovered:
D:1:      minmay_arrival_three_doors, layout_basic
D:2:      minmay_evil_eye, layout_rooms, minmay_pentomino_t4
D:3:      layout_basic, st_stairs_11
D:4:      layout_loops_ring, nicolae_overflow_squiral,
          chequers_serial_rivers_micro_e, uniq_eustachio
D:5:      layout_cave_pools
D:6:      layout_layer_cave, mainiacjoe_overflow_tiny_flanked,
          corexii_item_surrounded_by_moat, uniq_duvessa
D:7:      layout_cave_pods, minmay_temple_entry_enclosed_plants,
          minmay_shop_grid_forest, uniq_menkaure
D:8:      layout_basic, led_xom_imps, serial_shops,
          nicolae_shop_advertising_works [nicolae_subvault_shop_adworks],
          uniq_joseph, uniq_psyche, uniq_maurice
D:9:      layout_roguey, good_gods_mini_temple
D:10:     layout_loops_ring, jmf_multi_god_temple2, erik_lair_orcish_takeover,
          the_hattery

Skill      XL: |  1  2  3  4  5  6  7  8  9 10 |
---------------+-------------------------------+-----
Stealth        | 1 2 |  2.0
Fighting       | 3 4 6 7 |  7.8
Maces & Flails | 2 3 4 5 9 |  9.0
Shields        | 3 4 5 6 |  6.0
Armour         | 4 6 |  6.0
Evocations     | 2 4 |  4.0
Short Blades   | |  2.6
Throwing       | |  1.7
Dodging        | |  2.6

Action                   |  1- 3 |  4- 6 |  7- 9 | 10-12 || total
-------------------------+-------+-------+-------+-------++-------
Melee: Rapier            |    39 |       |       |       ||    39
       Whip              |    59 |   102 |   336 |   216 ||   713
       Punch             |     1 |       |       |       ||     1
Throw: Javelin           |       |       |     1 |       ||     1
Evoke: Wand              |       |       |     1 |       ||     1
  Use: Scroll            |     2 |     4 |    11 |       ||    17
       Potion            |       |     1 |       |     1 ||     2
 Stab: Sleeping          |     7 |     6 |     3 |     1 ||    17
       Distracted        |     1 |       |     1 |     1 ||     3
Armor: Leather armour    |    21 |    35 |    76 |    39 ||   171
       Skin              |       |     1 |       |       ||     1
Dodge: Dodged            |    54 |    41 |   102 |    44 ||   241
Block: Kite shield       |    25 |    62 |   210 |   130 ||   427

Table legend: (Time is in decaauts)
 A = Elapsed time spent in this place.
 B = Non-inter-level travel time spent in this place.
 C = Inter-level travel time spent in this place.
 D = Time resting spent in this place.
 E = Time spent auto-exploring this place.
 F = Levels seen in this place.
 G = Mean time per level.
                   A        B        C        D        E       F      G
               +--------+--------+--------+--------+--------+-----+--------+
         Total |   8222 |   7794 |    428 |    527 |   5662 |  10 |  822.2 |
       Dungeon |   8222 |   7794 |    428 |    527 |   5662 |  10 |  822.2 |
               +--------+--------+--------+--------+--------+-----+--------+

Top non-repeatable levels by time:
     D:6: 1128 daAuts
     D:4: 1101 daAuts
     D:3: 1050 daAuts
     D:7: 981 daAuts
     D:8: 967 daAuts
     D:9: 867 daAuts
     D:1: 811 daAuts
     D:2: 538 daAuts
     D:5: 482 daAuts
    D:10: 292 daAuts
